 Dungeon Crawl Stone Soup version 0.30-a0-1035-g38d5fb2972 (webtiles) character file.

Game seed: 10264031659720224995

5721 Pimp the Trooper (level 10, -15/79 HPs)
             Began as a Demonspawn Fighter on Apr 8, 2023.
             Was a Follower of Kikubaaqudgha.
             Demolished by a naga warrior
             ... wielding a +0 glaive
              (23 damage)
             ... on level 1 of the Abyss.
             The game lasted 00:21:32 (10248 turns).

Pimp the Trooper (Demonspawn Fighter)              Turns: 10248, Time: 00:21:33

Health: -15/79     AC: 17    Str: 15 (18) XL:     10   Next: 48%
Magic:  0/14       EV: 16    Int:  9 (11) God:    Kikubaaqudgha [*.....]
Gold:   552        SH:  5    Dex: 12 (14) Spells: 10/14 levels left

rFire   . . .      SeeInvis .    a - +0 war axe
rCold   . . .      Faith    .    c - +0 buckler
rNeg    . . .      Spirit   +    g - +0 chain mail
rPois   .          Reflect  .    (no helmet)
rElec   .          Rampage  .    d - +2 cloak
rCorr   .                        w - +0 pair of gloves
Will    .....                    (no boots) Stlth
                                 (no amulet)
HPRegen 0.33/turn                t - +5 ring of evasion
MPRegen 0.28/turn                v - +5 ring of evasion

@: lethally poisoned (-15 -> -20), slowed, constricted, invisible, very slow
A: yellow scales 1, demonic guardian 1, magic shield, magic regeneration, magic
link
a: Renounce Religion, Unearth Wretches


You were on level 1 of the Abyss.
You worshipped Kikubaaqudgha.
Kikubaaqudgha was aware of your devotion.
You visited 2 branches of the dungeon, and saw 11 of its levels.
You visited the Abyss 1 time.
You also visited: Sewer.

You collected 552 gold pieces.

Inventory:

Hand Weapons
 a - a +0 war axe (weapon)
Missiles
 k - a throwing net (quivered)
Armour
 b - a +0 scale mail
 c - a +0 buckler (worn)
 d - a +2 cloak (worn)
 g - a +0 chain mail (worn)
 o - a +0 cloak
 w - a +0 pair of gloves (worn)
Jewellery
 t - a +5 ring of evasion (left hand)
 v - a +5 ring of evasion (right hand)
 y - a ring of ice
 z - a ring of willpower
 D - a ring of resist corrosion
 F - a ring of ice
 G - a +6 ring of intelligence
Wands
 p - a wand of flame (37)
 q - a wand of digging (5)
 x - a wand of mindburst (14)
 C - a wand of acid (2)
Scrolls
 f - 2 scrolls of magic mapping
 i - 4 scrolls of fear
 j - 2 scrolls of blinking
 n - 2 scrolls of vulnerability
 B - 2 scrolls of enchant weapon {unknown}
 E - a scroll of brand weapon {unknown}
 H - a scroll of amnesia
Potions
 e - 2 potions of brilliance
 m - a potion of flight
 r - 3 potions of lignification
 u - a potion of curing {unknown}


   Skills:
 + Level 7.5 Fighting
 + Level 6.4 Axes
 + Level 6.8 Armour
 + Level 6.0 Dodging
 + Level 6.8 Shields
 * Level 2.7 Spellcasting
 * Level 2.0 Necromancy


You had 10 spell levels left.
You knew the following spells:

 Your Spells              Type           Power      Damage    Failure   Level
a - Animate Dead          Necr           4%         N/A       100%        4

Your spell library contained the following spells:

 Spells                   Type           Power      Damage    Failure   Level
 Necrotise                Necr           16%        1d4       88%         1
 Sublimation of Blood     Necr           4%         N/A       96%         2
 Cigotuvi's Dreadful Rot  Necr/Pois/Air  4%         N/A       99%         2
 Vampiric Draining        Necr           4%         2d6       99%         3
 Poisonous Vapours        Pois/Air       2%         N/A       100%        2
 Scorch                   Fire           2%         2d5       100%        2
 Wereblood                Tmut           1%         N/A       100%        2
 Mephitic Cloud           Conj/Pois/Air  1%         N/A       100%        3
 Flame Wave               Conj/Fire      1%         2d4       100%        4
 Freezing Cloud           Conj/Ice/Air   0%         6-21      100%        5
 Summon Cactus Giant      Summ           0%         N/A       100%        6
 Summon Hydra             Summ           0%         N/A       100%        7


Dungeon Overview and Level Annotations

Branches:
Dungeon (10/15)            Temple (1/1) D:4            Lair (0/5) D:8
  Sewer (visited)
    Orc: D:9-12

Altars:
Ashenzari
Cheibriados
Dithmenos
Fedhas
Gozag
Hepliaklqana
Kikubaaqudgha
Makhleb
Nemelex Xobeh
Okawaru
Qazlal
Ru
Sif Muna
Trog
Uskayaw
Vehumet
Wu Jian
Xom
Yredelemnul

Shops:
D:4 :

Annotations:
D:10 Erolcha


Innate Abilities, Weirdness & Mutations

You are partially covered in yellow scales. (AC +2)
A weak demonic guardian rushes to your aid.
When hurt, damage is shared between your health and your magic reserves.
You regenerate magic rapidly.
When low on magic, you restore magic in place of health.


Message History

You hit the naga.
The naga is moderately wounded.
You barely miss the naga warrior.
You hit the guardian serpent but do no damage.
You feel very sick. The guardian serpent misses you.
The naga closely misses you. You block the naga's attack.
The guardian serpent hits you but does no damage.
The naga warrior hits you with a +0 glaive!!
* * * LOW HITPOINT WARNING * * *
The naga warrior grabs you. The naga warrior constricts you.
You block the naga's attack.
Unknown command.
You hit the guardian serpent but do no damage.
The guardian serpent is lightly wounded.
You hit the naga. You hit the naga warrior.
You feel very sick.
The guardian serpent closely misses you.
Your shadow imp barely misses the guardian serpent.
The naga warrior spits poison at you. The splash of poison misses you.
The splash of poison hits your shadow imp.
The naga warrior constricts you.
* * * LOW HITPOINT WARNING * * *
The guardian serpent casts a spell at you.
You feel yourself slow down.
The naga hits you with a +0 short sword.
It was a potion of degeneration.
There was something very wrong with that liquid.
You feel weakened.
You feel dopey.
You feel clumsy.
* * * LOW HITPOINT WARNING * * *
You feel very sick.
The guardian serpent hits you but does no damage.
Your shadow imp closely misses the guardian serpent.
The naga warrior hits you but does no damage.
The naga warrior constricts you. The naga closely misses you.
The guardian serpent hits you but does no damage.
The naga warrior hits you with a +0 glaive!!
You die...
Kikubaaqudgha rasps: "You have failed me!
Welcome... death!"

... .... .. .. ....
.... #.. #..# ..#
.##..##..##..###
...............###
...............#.#.
..................#
......5@S........
.......NN......##
................#
...............#.#
...............#
#.....#.....#..# .
###...###...## .##
................#....
........ .. ....... .


You could see a naga warrior (catching breath, ally target), a guardian serpent,
a naga and a friendly shadow imp (summoned).

Vanquished Creatures
  A troll (D:8)
  A hornet (D:9)
  Grinder (D:5)
  Sigmund (D:2)
  A shadow (D:9)
  9 yaks
  A wyvern (D:9)
  A steam dragon (D:7)
  A wraith (D:6)
  A water moccasin (D:6)
  Pargi (Sewer)
  An ice beast (D:6)
  A black bear (D:5)
  4 wolves (D:8)
  A kobold brigand (D:9)
  2 gnoll sergeants
  5 bullfrogs
  2 scorpions
  10 wights (D:8)
  3 electric eels (D:8)
  A howler monkey (D:6)
  7 hounds
  4 orc priests
  Crazy Yiuf (D:4)
  A gnoll bouda (D:6)
  2 iguanas
  Ijyb (D:3)
  7 orc wizards
  2 sleepcaps
  10 gnolls
  12 adders
  A shadow imp (D:5)
  2 white imps (D:6)
  3 ufetubi
  2 worms
  A dart slug (D:2)
  31 orcs
  3 ball pythons
  4 endoplasms
  7 giant cockroaches
  9 goblins
  14 hobgoblins
  6 jackals
  3 quokkas
  8 bats
  13 frilled lizards
  15 kobolds
  5 rats
223 creatures vanquished.

Vanquished Creatures (collateral kills)
  Jessica (D:2)
  A rat (D:2)
2 creatures vanquished.

Vanquished Creatures (others)
  A wizard (D:5)
  An orc (D:8)
  3 fungi (D:4)
  7 plants (D:4)
12 creatures vanquished.

Grand Total: 237 creatures vanquished

Notes
Turn   | Place    | Note
-------+----------+-------------------------------------------
     0 | D:1      | Pimp the Demonspawn Fighter began the quest for the Orb.
     0 | D:1      | Reached XP level 1. HP: 18/18 MP: 1/1
    90 | D:1      | Gained mutation: You are partially covered in yellow
                  | scales. (AC +2) [demonic ancestry]
    90 | D:1      | Reached XP level 2. HP: 9/24 MP: 2/2
   355 | D:1      | Reached XP level 3. HP: 29/29 MP: 3/3
   488 | D:1      | You fall into a shaft and drop 1 floor!
   685 | D:2      | Noticed Sigmund
   699 | D:2      | Killed Sigmund
   700 | D:2      | Reached skill level 1 in Dodging
   700 | D:2      | Gained mutation: You regenerate magic rapidly. [demonic
                  | ancestry]
   700 | D:2      | Reached XP level 4. HP: 19/37 MP: 4/4
   700 | D:2      | Gained mutation: A weak demonic guardian rushes to your
                  | aid. [demonic ancestry]
   700 | D:2      | Reached XP level 5. HP: 22/42 MP: 5/5
   880 | D:2      | Reached skill level 4 in Fighting
   888 | D:2      | Noticed Jessica
   903 | D:2      | Killed Jessica
  1228 | D:1      | Found a faded altar of an unknown god.
  1469 | D:3      | Reached XP level 6. HP: 48/48 MP: 6/6
  2040 | D:3      | Found an ornate altar of the Wu Jian Council.
  2235 | D:3      | Noticed Ijyb
  2250 | D:3      | Killed Ijyb
  2394 | D:3      | Found a shimmering blue altar of Sif Muna.
  2576 | D:4      | Found a hide-covered altar of Uskayaw.
  2965 | D:4      | Found a sacrificial altar of Ru.
  3010 | D:4      | Found Masahee's Book Boutique.
  3309 | D:4      | Found a staircase to the Ecumenical Temple.
  3503 | D:4      | Found a sparkling altar of Nemelex Xobeh.
  3903 | D:4      | Found a runed translucent door.
  3904 | D:4      | Noticed Crazy Yiuf
  3915 | D:4      | Killed Crazy Yiuf
  4065 | D:5      | Entered Level 5 of the Dungeon
  4222 | D:5      | Reached XP level 7. HP: 34/55 MP: 7/7
  4346 | D:5      | Found a glowing drain.
  4360 | Sewer    | Entered a sewer
  4412 | Sewer    | Noticed Pargi
  4434 | Sewer    | Killed Pargi
  4773 | D:5      | Found a bloodstained altar of Trog.
  4774 | D:5      | Noticed a wizard
  4779 | D:5      | Killed a wizard
  5234 | D:5      | Noticed Grinder
  5236 | D:5      | Paralysed by Grinder for 5 turns
  5246 | D:5      | Killed Grinder
  5247 | D:5      | Reached skill level 5 in Fighting
  5247 | D:5      | Gained mutation: When hurt, damage is shared between your
                  | health and your magic reserves. [demonic ancestry]
  5247 | D:5      | Reached XP level 8. HP: 49/62 MP: 8/8
  5454 | D:6      | Reached skill level 5 in Shields
  5459 | D:6      | Found a broken altar of Ashenzari.
  5555 | D:6      | Reached skill level 5 in Armour
  6046 | D:6      | Reached skill level 6 in Fighting
  6254 | D:6      | Found a stormy altar of Qazlal.
  6369 | D:6      | Found a shadowy altar of Dithmenos.
  6473 | D:6      | Reached skill level 5 in Axes
  6765 | D:7      | Gained mutation: When low on magic, you restore magic in
                  | place of health. [demonic ancestry]
  6765 | D:7      | Reached XP level 9. HP: 67/69 MP: 9/9
  7603 | D:8      | Noticed a troll
  7632 | D:8      | Killed a troll
  7780 | D:8      | Reached skill level 5 in Dodging
  8112 | D:8      | Reached skill level 7 in Fighting
  8326 | D:8      | Found a staircase to the Lair.
  8338 | D:8      | HP: 1/72 [electric eel/bolt of electricity (5)]
  8640 | D:9      | Paralysed by a hornet for 1 turns
  8651 | D:9      | Reached skill level 1 in Spellcasting
  8654 | D:9      | Reached XP level 10. HP: 23/79 MP: 8/11
  8927 | Temple   | Entered the Ecumenical Temple
  8936 | Temple   | Became a worshipper of Kikubaaqudgha
  9491 | D:9      | Reached * piety under Kikubaaqudgha
  9491 | D:9      | Received a gift from Kikubaaqudgha
  9656 | D:9      | Found a snail-covered altar of Cheibriados.
  9662 | D:9      | Found an opulent altar of Gozag.
  9662 | D:9      | Found a basalt altar of Yredelemnul.
  9663 | D:9      | Found a burning altar of Makhleb.
  9998 | D:9      | Learned a level 4 spell: Animate Dead
 10070 | D:10     | Entered Level 10 of the Dungeon
 10168 | D:10     | Reached skill level 1 in Necromancy
 10197 | D:10     | Noticed Erolcha
 10209 | Abyss:1  | Cast into level 1 of the Abyss (Erolcha)
 10239 | Abyss:1  | Noticed a guardian serpent
 10239 | Abyss:1  | Noticed a naga warrior
 10248 | Abyss:1  | Demolished by a naga warrior

Illustrated notes

Levels and vault maps discovered:
D:1:      lightli_arrival_chessboard, layout_rooms,
          hellmonk_ecumenical_altar_lost_god, grunt_decor_mini_mirrors
D:2:      layout_loops_ring, serial_park_tiny_2, minmay_pentomino_r2,
          uniq_jessica, uniq_sigmund
D:3:      layout_basic, nicolae_wu_jian_wuxing_cycle,
          nicolae_elyvilon_peaceful_grove, led_sif_book, uniq_ijyb
D:4:      layout_layer_cave, mainiacjoe_overflow_brackets,
          mainiacjoe_overflow_small_starburst, marbit_many_paths,
          minmay_temple_entry_mist, serial_shops, shop_statue, hex_medium,
          grunt_decor_fettered, hangedman_abyss_or_decor_passed,
          minmay_lizard_king, uniq_crazy_yiuf_cottage
D:5:      layout_gridville, trog_wizard, portal_sewer_entry_d, uniq_grinder
D:6:      layout_basic, mainiacjoe_overflow_six_doors_small, old_standard_altar,
          mainiacjoe_overflow_boulevard, evilmike_ruin_ashenzari,
          reono_crystal_passage, hangedman_abyss_or_decor_lesser_grid
D:7:      layout_loops_cross, serial_co_window_serial, co_window_paths_a,
          co_window_of_opportunity_a, co_window_paths_a, co_window_corner_a,
          co_window_paths_b, co_window_paths_a, co_window_of_opportunity_a,
          co_window_corner_b, co_window_broadway_a, co_window_corner_ca,
          co_window_corner_ca, co_window_unsneaky_path_d,
          co_window_of_opportunity_b, co_window_2corner, co_window_4corner_a
D:8:      layout_rooms, erik_lair_island
D:9:      layout_long_grid, mainiacjoe_overflow_alcove_3
D:10:     layout_big_octagon, orc_0_dummy,
          ploomutoo_gammafunk_ghost_potion_laboratory, enter_bailey_2,
          uniq_erolcha
Temple:   hellmonk_temple_two_chambers
Abyss:1:  base: Bailey, minivault_19

Skill      XL: |  1  2  3  4  5  6  7  8  9 10 |
---------------+-------------------------------+-----
Axes           | 2 3 4 5 6 |  6.4
Armour         | 3 4 5 6 |  6.8
Shields        | 3 4 5 6 |  6.8
Dodging        | 1 2 3 4 5 6 |  6.0
Fighting       | 4 5 6 7 |  7.5
Spellcasting   | 1 2 |  2.7
Necromancy     | 2 |  2.0

Action                     |  1- 3 |  4- 6 |  7- 9 | 10-12 || total
---------------------------+-------+-------+-------+-------++-------
  Melee: War axe           |   121 |   233 |   461 |   112 ||   927
    Use: Scroll            |     2 |       |    10 |     4 ||    16
         Potion            |       |     3 |     3 |     4 ||    10
   Stab: Invisible         |       |       |     2 |       ||     2
 Armour: Scale mail        |    93 |    19 |       |       ||   112
         Chain mail        |       |   106 |   202 |    42 ||   350
  Dodge: Dodged            |    62 |   108 |   491 |   115 ||   776
  Block: Buckler           |    45 |    59 |   166 |    35 ||   305

Table legend: (Time is in decaauts)
 A = Elapsed time spent in this place.
 B = Non-inter-level travel time spent in this place.
 C = Inter-level travel time spent in this place.
 D = Time resting spent in this place.
 E = Time spent auto-exploring this place.
 F = Levels seen in this place.
 G = Mean time per level.
                   A        B        C        D        E       F      G
               +--------+--------+--------+--------+--------+-----+--------+
         Total |  10590 |   9857 |    733 |   1040 |   6431 |  13 |  814.6 |
       Dungeon |  10370 |   9647 |    723 |   1027 |   6343 |  10 | 1037.0 |
        Temple |     20 |     11 |      9 |      0 |      0 |   1 |   20.0 |
         Abyss |     39 |     39 |      0 |     13 |      0 |   1 |   39.0 |
         Sewer |    159 |    159 |      0 |      0 |     88 |   1 |  159.0 |
               +--------+--------+--------+--------+--------+-----+--------+

Top non-repeatable levels by time:
     D:4: 1706 daAuts
     D:3: 1262 daAuts
     D:7: 1225 daAuts
     D:6: 1190 daAuts
     D:9: 1160 daAuts
     D:5: 1146 daAuts
     D:8: 1132 daAuts
     D:2: 780 daAuts
     D:1: 617 daAuts
   Sewer: 159 daAuts
    D:10: 147 daAuts
 Abyss:1: 39 daAuts
  Temple: 20 daAuts
